 Dungeon Crawl Stone Soup version 0.23.2-40-g277498a (webtiles) character file.

Game seed: 7177614670033284338

1334 CrazyJ the Caller (level 8, -2/94 HPs)
             Began as a Green Draconian Summoner on Sept 13, 2019.
             Was an Initiate of Vehumet.
             Slain by a killer bee (9 damage)
             ... on level 6 of the Dungeon.
             The game lasted 00:47:14 (7791 turns).

CrazyJ the Caller (Green Draconian Summoner)        Turns: 7791, Time: 00:47:15

Health: -2/94      AC:  9    Str: 22    XL:     8   Next: 35%
Magic:  11/15      EV: 13    Int: 17    God:    Vehumet [......]
Gold:   237        SH:  0    Dex: 12    Spells: 3/16 levels left

rFire    + . .     SeeInvis .   d - +3 spear (pierce)
rCold    x . .     Gourm    .   (no shield)
rNeg     . . .     Faith    .   (armour unavailable)
rPois    +         Spirit   .   (helmet restricted)
rElec    .         Reflect  .   (no cloak)
rCorr    .         Harm     .   z - +1 pair of gloves
MR       .....                  (no boots)
Stlth    ..........             (no amulet)
HPRegen  0.25/turn              s - +1 ring of protection
MPRegen  0.14/turn              D - ring "Cemab" {Fire +Fly Str+6}

@: berserking, lethally poisoned (-2 -> -10), very slightly contaminated, very
quick
A: breathe noxious fumes, unfitting armour, poison resistance, cold-blooded, AC
+6
a: Breathe Noxious Fumes, Renounce Religion, Evoke Flight


You were on level 6 of the Dungeon.
You worshipped Vehumet.
Vehumet was noncommittal.
You were not hungry.

You visited 2 branches of the dungeon, and saw 8 of its levels.

You collected 237 gold pieces.

Inventory:

Hand Weapons
 d - a +3 spear of piercing (weapon)
 o - a +0 spear of freezing
 r - a +0 dagger of venom
Missiles
 g - 38 arrows
 h - 180 stones (quivered)
 k - 42 sling bullets
 x - 65 poisoned needles
Armour
 f - a scarf of spirit shield
 z - a +1 pair of gloves (worn)
Jewellery
 i - an uncursed ring of poison resistance
 s - a +1 ring of protection (left hand)
 t - an uncursed amulet of guardian spirit
 D - the ring "Cemab" (right hand) {Fire +Fly Str+6}
   (You took it off an orc on level 4 of the Dungeon)

   [ring of fire]

   It enhances your fire magic.
   It affects your strength (+6).
   It protects you from fire.
   It makes you vulnerable to cold.
   It lets you fly.
Wands
 y - a wand of paralysis (6)
Scrolls
 e - 2 scrolls of magic mapping
 j - a scroll of remove curse
 n - a scroll of enchant weapon
 u - a scroll of fog {unknown}
 v - 7 scrolls of identify
 w - a scroll of fear {unknown}
 C - a scroll of enchant armour
Potions
 c - 3 potions of agility
 l - a potion of lignification
Comestibles
 b - 11 rations


   Skills:
 + Level 3.2 Fighting
 * Level 4.4 Polearms
 + Level 3.3 Dodging
 - Level 1.7 Stealth
 * Level 4.8 Spellcasting
 + Level 2.0 Hexes
 * Level 6.4 Summonings
 + Level 1.7 Ice Magic


You had 3 spell levels left.
You knew the following spells:

 Your Spells              Type           Power        Failure   Level  Hunger
a - Summon Small Mammal   Summ           ####         1%          1    None
b - Call Imp              Summ           ####....     1%          2    #......
c - Call Canine Familiar  Summ           ####....     3%          3    ###....
d - Summon Guardian Gole  Hex/Summ       ###.....     8%          3    ###....
e - Summon Ice Beast      Ice/Summ       ###.....     26%         4    ####...

Your spell library contained the following spells:

 Spells                   Type           Power        Failure   Level  Hunger
 Shock                    Conj/Air       #...         14%         1    None
 Swiftness                Chrm/Air       #.......     22%         2    #......
 Static Discharge         Conj/Air       #.......     41%         3    ###....
 Summon Lightning Spire   Summ/Air       ###.....     36%         4    ####...
 Airstrike                Air            #.........   82%         4    ####...
 Lightning Bolt           Conj/Air       #.........   99%         5    ######.


Dungeon Overview and Level Annotations

Branches:
Dungeon (7/15)             Temple (1/1) D:4

Altars:
Ashenzari
Cheibriados
Dithmenos
Elyvilon
Fedhas
Gozag
Hepliaklqana
Kikubaaqudgha
Makhleb
Okawaru
Qazlal
Ru
Sif Muna
Trog
Uskayaw
Vehumet
Wu Jian
Yredelemnul
Zin
The Shining One

Annotations:
D:5 Menkaure


Innate Abilities, Weirdness & Mutations

You can breathe blasts of noxious fumes.
Your lurid green scales are hard. (AC +6)
You cannot fit into any form of body armour.
Your system is resistant to poisons. (rPois)
You are cold-blooded and may be slowed by cold attacks.


Message History

* * * LOW HITPOINT WARNING * * *
You closely miss the killer bee.
You feel sick. The killer bee barely misses you.
The killer bee stings your guardian golem.
The killer bee closely misses you. The killer bee misses you.
You miss the killer bee.
The killer bee stings you but does no damage.
The killer bee stings your guardian golem.
The killer bee barely misses you. The killer bee stings you.
* * * LOW HITPOINT WARNING * * *
You are lethally poisoned!
The killer bee poisons you!
You are too berserk!
You miss the killer bee.
* * * LOW HITPOINT WARNING * * *
You feel sick. The killer bee stings you.
* * * LOW HITPOINT WARNING * * *
The killer bee stings your guardian golem but does no damage.
The killer bee stings you!
You die...

# ###### ##...## ......##
.##....## ######
.##.....###....##
###.....#.......##
.##..............#
.#........#####y@###
..........# ##yy.#
..........######8..###
#.#.........p..y...#.##
###........y8......[..###
###......#..>..#........#
.#.......##....##.....###
........###............#
.........###.#...[....##


You could see 4 killer bees and a friendly guardian golem (inner flame).

Vanquished Creatures
  Pikel (D:6)
  2 slaves (D:6)
  A necrophage (D:5)
  A centaur (D:6)
  A killer bee (D:6)
  2 howler monkeys
  A crimson imp (D:5)
  2 hounds (D:5)
  A jelly (D:5)
  An orc priest (D:5)
  2 orc wizards (D:5)
  A bullfrog skeleton (D:6)
  An iguana (D:4)
  A gnoll (D:4)
  3 adders
  An ooze (D:1)
  2 worms (D:4)
  2 dart slugs
  3 leopard geckos
  5 orcs
  A ball python (D:1)
  11 bats
  6 giant cockroaches
  5 goblins
  14 hobgoblins
  9 jackals
  2 quokkas
  6 frilled lizards
  4 kobolds
  A quokka skeleton (D:3)
  7 rats
100 creatures vanquished.

Vanquished Creatures (collateral kills)
  An ice beast (D:6)
  An ogre (D:4)
  A hound (D:4)
  A centaur skeleton (D:6)
  An iguana (D:3)
  An orc wizard (D:4)
  2 worker ants (D:4)
  5 gnolls
  7 adders
  3 orcs (D:4)
  A bat (D:1)
  A goblin (D:1)
  A hobgoblin (D:1)
  2 frilled lizards (D:1)
  A kobold (D:3)
  A rat (D:1)
30 creatures vanquished.

Vanquished Creatures (others)
  A slave (D:6)
1 creature vanquished.

Grand Total: 131 creatures vanquished

Notes
Turn   | Place    | Note
-------+----------+-------------------------------------------
     0 | D:1      | CrazyJ the Draconian Summoner began the quest for the Orb.
     0 | D:1      | Reached XP level 1. HP: 14/14 MP: 3/3
   168 | D:1      | Reached XP level 2. HP: 18/22 MP: 5/5
   177 | D:1      | Learned a level 2 spell: Call Imp
   736 | D:1      | Reached XP level 3. HP: 18/27 MP: 6/6
   925 | D:1      | Reached skill level 1 in Polearms
  1383 | D:1      | Learned a level 3 spell: Call Canine Familiar
  1410 | D:2      | Found a bloodstained altar of Trog.
  1527 | D:2      | Reached XP level 4. HP: 13/34 MP: 3/7
  1849 | D:2      | Reached skill level 1 in Fighting
  1908 | D:2      | Found an iron altar of Okawaru.
  1981 | D:2      | Found a shadowy altar of Dithmenos.
  2566 | D:2      | Found a shattered altar of Ashenzari.
  2729 | D:3      | Found a faded altar of an unknown god.
  3281 | D:3      | Learned a level 3 spell: Summon Guardian Golem
  3587 | D:4      | Reached XP level 5. HP: 40/40 MP: 5/9
  3643 | D:4      | Noticed an ogre
  3659 | D:4      | Killed an ogre
  3659 | D:4      | Reached skill level 5 in Summonings
  4545 | D:4      | Reached XP level 6. HP: 26/48 MP: 9/11
  4733 | D:4      | Identified the ring "Cemab" {Fire +Fly Str+6}
  4769 | D:4      | Found a staircase to the Ecumenical Temple.
  4802 | Temple   | Entered the Ecumenical Temple
  4850 | Temple   | Became a worshipper of Vehumet
  5083 | D:4      | Found a burning altar of Makhleb.
  5568 | D:5      | Entered Level 5 of the Dungeon
  5780 | D:5      | Your scales start taking on a lurid green colour.
  5780 | D:5      | Reached XP level 7. HP: 54/56 MP: 9/12
  5780 | D:5      | Gained mutation: Your system is resistant to poisons.
                  | (rPois) [Green Draconian growth]
  5831 | D:5      | Noticed Menkaure
  5949 | D:5      | Reached skill level 1 in Hexes
  5998 | D:5      | Learned a level 4 spell: Summon Ice Beast
  6181 | D:6      | Noticed Pikel
  7289 | D:6      | Killed Pikel
  7289 | D:6      | Reached skill level 6 in Summonings
  7289 | D:6      | Reached skill level 1 in Ice Magic
  7289 | D:6      | Reached XP level 8. HP: 19/63 MP: 1/15
  7791 | D:6      | Slain by a killer bee

Skill      XL: |  1  2  3  4  5  6  7  8 |
---------------+-------------------------+-----
Dodging        | 2 3 |  3.3
Polearms       | 1 2 3 4 |  4.4
Fighting       | 1 2 3 |  3.2
Spellcasting   | 3 4 |  4.8
Summonings     | 5 6 |  6.4
Hexes          | 1 2 |  2.0
Ice Magic      | 1 |  1.7
Stealth        | |  1.7

Action                   |  1- 3 |  4- 6 |  7- 9 || total
-------------------------+-------+-------+-------++-------
Melee: Unarmed           |    11 |       |       ||    11
       Spear             |   113 |   159 |   109 ||   381
       Mace              |     3 |       |       ||     3
       Tailslap          |     7 |    15 |    13 ||    35
Throw: Stone             |       |     1 |       ||     1
 Cast: Summon Small Mamm |     6 |       |     1 ||     7
       Call Imp          |     3 |     4 |     1 ||     8
       Call Canine Famil |     1 |    22 |    12 ||    35
       Summon Guardian G |       |       |     5 ||     5
 Abil: Breathe Noxious F |       |       |     2 ||     2
  Use: Scroll            |     2 |     5 |     7 ||    14
       Potion            |     1 |     3 |     7 ||    11
 Stab: Sleeping          |     2 |     2 |       ||     4
       Distracted        |       |     2 |       ||     2
  Eat: Chunk             |     2 |    11 |       ||    13
       Ration            |       |     2 |     2 ||     4
Armor: Skin              |    74 |    64 |    43 ||   181
Dodge: Dodged            |   146 |   125 |   131 ||   402
